AoeStats
← Galagorth

Oasis

509542919Analyzed
4v4 RM · 5d ago on Sep 27, 2026· 59m 50s· 8 players
Game mode
Random Map
Map size
Large (8 player)
Population
200
Speed
Normal
Resources
Standard
Victory
Conquest
Starting age
Dark Age
Ending age
Imperial Age
RankedLock teamsTeams togetherTeam positionsShared explorationLock speedFull tech treeHidden civsTurbo modeCheats
Victory
Defeat
🇫🇷 Saxons · France
1001
+17
🇵🇪 Italians · Peru
999
+17
🇲🇽 Spanish · Mexico
996
+17
🇲🇽 Teutons · Mexico
972
+18
🇨🇱 Mongols · Chile
1069
-20
🇳🇿 Saxons · New Zealand
1029
-18
🇺🇸 Franks · United States
1024
-17
🇨🇦 Danes · Canada
951
-14
R_FACELESS
3:12 Loom
11:33 Feudal Age
17:23 Fletching
20:04 Double-Bit Axe
20:45 Horse Collar
24:27 Castle Age
26:24 Bow Saw
28:42 Gold Mining
30:26 Forging
30:43 Scale Mail Armor
31:20 Town Watch
32:13 Wheelbarrow
31:48 Heavy Plow
37:26 Imperial Age
35:27 Chain Mail Armor
36:04 Fervor
36:23 Elite Skirmisher
37:04 Bodkin Arrow
37:46 Iron Casting
37:34 Ballistics
37:25 Masonry
37:11 Town Watch
38:34 Ironclad
38:47 Ironclad
38:51 Conscription
39:09 Plate Mail Armor
40:34 Wheelbarrow
40:32 Block Printing
41:42 Hand Cart
41:27 Town Patrol
42:43 Heavy Scorpion
44:06 Crenellations
45:45 Blast Furnace
45:51 Chemistry
45:33 Hoardings
46:58 Blast Furnace
46:00 Caravan
46:14 Arrowslits
48:51 Guard Tower
48:44 Elite Teutonic Knight
50:48 Scale Barding Armor
52:15 Two-Man Saw
52:27 Cavalier
53:17 Bloodlines
57:37 Guilds
58:12 Siege Engineers
60:24 Chain Barding Armor
Triceratops
10:15 Loom
12:01 Feudal Age
16:32 Castle Age
14:24 Horse Collar
14:34 Double-Bit Axe
17:13 Heavy Plow
17:25 Bow Saw
17:07 Gold Mining
18:31 Gold Shaft Mining
19:46 Scale Mail Armor
19:55 Squires
20:04 Arson
20:52 Gambesons
24:40 Forging
29:34 Wheelbarrow
28:44 Town Watch
29:08 Caravan
31:00 Iron Casting
30:48 Stone Mining
32:49 Chain Mail Armor
32:27 Fletching
33:10 Clerical Recruitment
38:46 Imperial Age
37:11 Bodkin Arrow
37:21 Padded Archer Armor
37:35 Bloodlines
37:26 Husbandry
36:47 Light Cavalry
39:27 Leather Archer Armor
39:24 Scale Barding Armor
39:16 Hussar
41:15 Two-Man Saw
40:54 Crop Rotation
41:29 Hand Cart
41:46 Plate Mail Armor
41:41 Conscription
41:02 Elite Hearth Troop
43:22 Shield Wall
44:38 Hoardings
45:23 Chain Barding Armor
45:09 Murder Holes
45:37 Ballistics
45:48 Bracer
46:20 Ring Archer Armor
48:21 Town Patrol
48:37 Masonry
52:11 Elite Varangian Guard
54:46 Chemistry
53:28 Treadmill Crane
54:21 Architecture
58:15 Cavalier
Galagorth
9:17 Loom
11:09 Feudal Age
12:10 Double-Bit Axe
12:08 Horse Collar
19:10 Castle Age
17:21 Stone Mining
20:18 Bow Saw
20:37 Fletching
26:29 Bodkin Arrow
28:17 Ballistics
28:49 Gold Mining
29:36 Stone Shaft Mining
29:32 Heavy Plow
29:53 Town Watch
32:35 Wheelbarrow
33:22 Silk Road
36:22 Imperial Age
34:09 Hand Cart
34:22 Padded Archer Armor
34:48 Masonry
35:25 Forging
35:37 Scale Barding Armor
35:46 Bloodlines
35:37 Husbandry
36:50 Iron Casting
36:49 Caravan
37:12 Silk Road
37:25 Conscription
37:10 Cavalier
38:59 Architecture
38:27 Murder Holes
38:51 Light Cavalry
43:23 Blast Furnace
42:44 Chain Barding Armor
44:51 Chemistry
46:28 Plate Barding Armor
46:09 Leather Archer Armor
45:39 Treadmill Crane
48:27 Bracer
50:29 Two-Man Saw
50:03 Crop Rotation
51:03 Ring Archer Armor
50:34 Elite Genoese Crossbowman
54:53 Hoardings
55:51 Herbal Medicine
Javier137649
0:30 Loom
11:20 Feudal Age
17:46 Castle Age
17:18 Double-Bit Axe
19:32 Town Watch
28:55 Horse Collar
33:59 Imperial Age
32:20 Fortified Wall
33:25 Bow Saw
32:51 Elite Skirmisher
35:45 Chemistry
34:56 Heavy Plow
36:16 Conscription
36:52 Squires
37:08 Caravan
37:46 Wheelbarrow
37:11 Stone Mining
37:16 Gold Mining
38:43 Padded Archer Armor
40:16 Leather Archer Armor
42:27 Ballistics
42:02 Murder Holes
42:18 Masonry
42:27 Hand Cart
43:27 Two-Man Saw
42:37 Husbandry
42:47 Bloodlines
44:35 Ring Archer Armor
43:56 Fletching
44:40 Elite Conquistador
44:49 Light Cavalry
45:49 Bodkin Arrow
46:22 Redemption
46:25 Fervor
46:59 Thumb Ring
48:08 Bracer
48:14 Scale Barding Armor
49:40 Coinage
49:21 Guilds
51:04 Forging
50:55 Scale Mail Armor
51:15 Chain Barding Armor
50:23 Cavalier
52:03 Block Printing
53:07 Paladin
54:54 Plate Barding Armor
54:35 Chain Mail Armor
54:55 Iron Casting
55:27 Inquisition
56:02 Hoardings
55:53 Sanctity
55:59 Illumination
59:32 Blast Furnace
59:03 Plate Mail Armor
Lumi.S
11:12 Feudal Age
14:57 Castle Age
14:17 Double-Bit Axe
15:06 Stone Mining
17:45 Horse Collar
18:14 Arson
20:36 Scale Mail Armor
23:21 Gold Mining
24:39 Loom
29:08 Wheelbarrow
29:50 Bow Saw
30:45 Gambesons
32:13 Gold Shaft Mining
31:44 Heavy Plow
32:08 Man-at-Arms
32:14 Hamask
36:10 Imperial Age
34:54 Hand Cart
35:33 Stone Shaft Mining
35:57 Forging
35:54 Squires
37:19 Conscription
36:32 Elite Varangian Guard
37:58 Ballistics
37:54 Onager
42:31 Iron Casting
42:12 Chain Mail Armor
43:13 Chemistry
42:45 Siege Engineers
44:59 Blast Furnace
44:39 Siege Onager
44:48 Pikeman
46:53 Halberdier
52:33 Plate Mail Armor
54:48 Heavy Scorpion
57:32 Chemistry
AoeAuthority.com
8:27 Loom
10:41 Feudal Age
19:21 Castle Age
18:15 Double-Bit Axe
18:53 Scale Barding Armor
20:27 Bow Saw
26:14 Gold Mining
28:30 Fletching
33:01 Imperial Age
31:52 Padded Archer Armor
34:08 Ballistics
35:19 Wheelbarrow
34:30 Town Watch
35:35 Bodkin Arrow
35:31 Pikeman
37:00 Hand Cart
36:25 Elite Skirmisher
38:35 Cranequins
40:22 Squires
40:08 Arson
41:17 Town Patrol
43:07 Chemistry
43:22 Cavalier
43:37 Halberdier
45:00 Husbandry
45:53 Scale Mail Armor
46:03 Forging
46:09 Leather Archer Armor
45:49 Bodkin Arrow
45:18 Paladin
48:41 Chain Mail Armor
51:09 Chain Barding Armor
51:24 Iron Casting
51:32 Chain Mail Armor
54:43 Plate Barding Armor
55:09 Blast Furnace
pegador
7:22 Loom
11:22 Feudal Age
12:53 Wheelbarrow
16:15 Castle Age
26:43 Hand Cart
34:13 Horse Collar
35:44 Fletching
39:16 Town Watch
39:19 Double-Bit Axe
39:44 Heavy Plow
40:32 Bodkin Arrow
40:38 Padded Archer Armor
41:34 Stone Mining
44:32 Imperial Age
42:35 Leather Archer Armor
43:26 Forging
43:21 Scale Barding Armor
43:38 Fortified Wall
43:55 Ballistics
43:43 Man-at-Arms
44:24 Squires
44:09 Arson
45:22 Iron Casting
44:47 Scale Mail Armor
45:24 Bracer
45:08 Long Swordsman
48:00 Blast Furnace
47:00 Scale Mail Armor
46:48 Two-Handed Swordsman
50:02 Gold Mining
50:46 Scale Mail Armor
53:18 Blast Furnace
52:33 Chain Mail Armor
53:01 Conscription
52:58 Champion
54:38 Town Patrol
56:09 Drill
55:17 Capped Ram
58:19 Plate Mail Armor
woodicus
7:30 Loom
11:56 Feudal Age
15:55 Castle Age
13:42 Double-Bit Axe
13:38 Horse Collar
15:08 Gold Mining
17:22 Bow Saw
17:13 Heavy Plow
22:12 Scale Mail Armor
23:14 Wheelbarrow
23:35 Squires
24:43 Chain Mail Armor
24:49 Town Watch
25:36 Forging
25:15 Gambesons
26:22 Gold Shaft Mining
26:13 Stone Mining
27:30 Iron Casting
29:35 Arson
32:49 Imperial Age
30:24 Town Patrol
30:45 Fletching
31:10 Masonry
32:12 Bodkin Arrow
32:38 Hand Cart
33:02 Elite Varangian Guard
34:14 Plate Mail Armor
34:36 Conscription
33:39 Capped Ram
35:36 Bracer
36:47 Siege Ram
38:22 Architecture
43:17 Pikeman
43:50 Treadmill Crane
44:09 Murder Holes
44:35 Ballistics
44:29 Pikeman
45:59 Caravan
46:30 Halberdier
48:02 Shield Wall
49:18 Hoardings
Connection lost

Rejoining the realm…

Still unreachable

The connection could not be restored.

Session expired

The server has moved on; the page needs a fresh start.